[Event "Titled Tuesday Blitz July 05 Late 2022"]
[White "Sjugirov, Sanan"]
[Black "Vusatiuk, Vladimir"]
[WhiteFideId "4189302"]
[BlackFideId "14118610"]
[WhiteElo "2609"]
[BlackElo "2157"]
[Result "1-0"]
[Round "01"]
[TimeControl "180+1"]
[Date "2022.07.05"]
[WhiteClock "0:00:08"]
[BlackClock "0:00:09"]

1. e4 e6 2. d4 d5 3. e5 c5 4. c3 Nc6 5. Nf3 Nge7 6. Bd3 cxd4 7. cxd4 Nf5 8. Bxf5 exf5 9. O-O h6 10. Nc3 Be6 11. a3 g5 12. b4 f4 13. Na4 g4 14. Ne1 f3 15. Be3 fxg2 16. Nxg2 h5 17. Nf4 Qd7 18. Rc1 h4 19. Nc5 Bxc5 20. Rxc5 Ne7 21. Qc2 g3 22. Rc7 Qb5 23. Rc1 gxf2+ 24. Kxf2 Nf5 25. Rg1 Qb6 26. Nh5 Nxd4 27. Nf6+ Kd8 28. Qc5 Qxc7 29. Qxd4 Qc2+ 30. Bd2 Rc8 31. Nxd5 Qf5+ 32. Ke3 Bxd5 33. Qxd5+ Qd7 34. Qf3 Kc7 35. Rg7 Rhf8 36. Qf4 Kb8 37. e6+ Qc7 38. exf7 Qxf4+ 39. Kxf4 Rc7 40. Kg4 Rcxf7 41. Rg5 Rf2 42. Be3 R2f3 43. Bc5 Rxa3 44. Bxf8 h3 45. Bd6+ Kc8 46. Bg3 Rb3 47. b5 a6 48. bxa6 bxa6 49. Kxh3 Kd7 50. Kg4 Ke6 51. h4 Rb1 52. h5 Ra1 53. h6 Rh1 54. Bh4 Rb1 55. Kh5 Rb8 56. Kg6 Rg8+ 57. Kh7 Rxg5 58. Bxg5 Kf7 59. Bd2 Kf8 60. Bc3 Kf7 61. Bb4 a5 62. Bxa5 Kf8 63. Bb4+ Kf7 64. Ba3 1-0


[Site "https://www.chess.com"]

[Event "Titled Tuesday Blitz July 05 Late 2022"]
[White "Skuhala, Jernej"]
[Black "Idani, Pouya"]
[WhiteFideId "14605651"]
[BlackFideId "12510130"]
[WhiteElo "2381"]
[BlackElo "2610"]
[Result "1-0"]
[Round "01"]
[TimeControl "180+1"]
[Date "2022.07.06"]
[WhiteClock "0:00:16"]
[BlackClock "0:00:03"]

1. e4 c5 2. Nf3 d6 3. d4 cxd4 4. Nxd4 Nf6 5. Nc3 Nc6 6. Bg5 e6 7. Qd2 a6 8. O-O-O Bd7 9. f3 Be7 10. h4 h6 11. Be3 h5 12. Kb1 b5 13. Nxc6 Bxc6 14. Ne2 Qc7 15. Nd4 Bd7 16. Bd3 d5 17. Bg5 dxe4 18. fxe4 e5 19. Nf5 Bxf5 20. exf5 O-O 21. Qe2 Ng4 22. Be4 Rac8 23. Bf3 Nf6 24. Rhe1 Rfe8 25. Bxf6 Bxf6 26. Be4 Qc5 27. Qxh5 Red8 28. Qe2 Bxh4 29. Rh1 Bf6 30. Rd3 Rxd3 31. Qxd3 Rd8 32. Qh3 Kf8 33. a3 Ke7 34. Qb3 Rd4 35. Re1 a5 36. Qe3 Qd6 37. g4 Bh4 38. Rf1 Kf8 39. g5 f6 40. g6 Bg5 41. Qb3 Bh6 42. Qf7# 1-0


[Site "https://www.chess.com"]

[Event "Titled Tuesday Blitz July 05 Late 2022"]
[White "Tari, Aryan"]
[Black "Martins, Bruno Andre Leite"]
[WhiteFideId "1510045"]
[BlackFideId "1942255"]
[WhiteElo "2612"]
[BlackElo "2282"]
[Result "1-0"]
[Round "01"]
[TimeControl "180+1"]
[Date "2022.07.05"]
[WhiteClock "0:00:11"]
[BlackClock "0:00:02"]

1. c4 Nf6 2. g3 g6 3. Bg2 Bg7 4. Nc3 O-O 5. d4 d6 6. Nf3 Nbd7 7. O-O c6 8. b3 Re8 9. Bb2 e5 10. Qc2 Qe7 11. a4 a5 12. Rad1 exd4 13. Nxd4 Nc5 14. h3 Bd7 15. Rfe1 Rad8 16. e4 Bc8 17. Kh2 h5 18. f4 Qc7 19. Nf3 Qb6 20. Nd2 Qc7 21. Qb1 Qb6 22. Ba1 h4 23. g4 Bxg4 24. hxg4 Nxg4+ 25. Kh3 Nf2+ 26. Kxh4 Ncd3 27. Re2 Nxf4 28. Ree1 Bf6+ 29. Kg3 Be5 30. Kf3 g5 31. Re3 Nxd1 32. Nxd1 g4+ 33. Kxg4 Nxg2 34. Rh3 Nf4 35. Rf3 Ng6 36. Ne3 Qc7 37. Nf5 Qd7 38. Kh3 Bxa1 39. Qxa1 Re5 40. Kg2 d5 41. cxd5 cxd5 42. Rg3 dxe4 43. Qxe5 Qxd2+ 44. Kh3 Qe2 45. Qg7# 1-0


[Site "https://www.chess.com"]

[Event "Titled Tuesday Blitz July 05 Late 2022"]
[White "Tikhonov, Viacheslav"]
[Black "Abdrlauf, Elham"]
[WhiteFideId "44196407"]
[BlackFideId "1533533"]
[WhiteElo "1839"]
[BlackElo "2429"]
[Result "0-1"]
[Round "01"]
[TimeControl "180+1"]
[Date "2022.07.05"]
[WhiteClock "0:00:06"]
[BlackClock "0:00:09"]

1. d3 g6 2. Nf3 Bg7 3. c4 d6 4. g3 Nf6 5. Bg2 O-O 6. O-O e5 7. Nc3 Nc6 8. h3 h6 9. a3 a5 10. Qc2 Re8 11. b3 e4 12. dxe4 Nxe4 13. Bb2 Bf5 14. Nxe4 Bxe4 15. Qc1 Bf5 16. Bxg7 Kxg7 17. Qc3+ Qf6 18. Qxf6+ Kxf6 19. e3 Rab8 20. Ra2 b5 21. Nd2 Ne5 22. cxb5 Rxb5 23. f4 Nd7 24. e4 Be6 25. Rb2 Nc5 26. e5+ dxe5 27. fxe5+ Kg7 28. Bc6 Reb8 29. Bxb5 Rxb5 30. Kh2 Nd3 31. Rc2 Rxe5 32. Nf3 Re3 33. Nd4 Bd5 34. Rc3 c5 35. Rd1 Be4 36. Rdxd3 Rxd3 37. Rxd3 Bxd3 38. Nc6 c4 39. bxc4 Bxc4 40. Nxa5 Bd5 41. Kg1 Kf6 42. Kf2 Ke5 43. Ke3 f5 44. a4 g5 45. Kd3 f4 46. gxf4+ Kxf4 47. Kd4 Be6 48. Nc6 Bxh3 49. a5 Bf1 50. Ne5 g4 51. Nd3+ Kf5 52. a6 h5 53. a7 Bg2 54. Ke3 Ba8 55. Kf2 h4 56. Nc1 g3+ 57. Kg1 h3 58. Ne2 h2+ 59. Kf1 g2+ 60. Kf2 h1=Q 61. Ng3+ Kg4 62. Nxh1 gxh1=Q 63. Ke3 Qb7 64. Kd4 Qd5+ 65. Kc3 Qc5+ 66. Kb3 Kf4 67. Ka4 Qb6 68. Ka3 Bd5 69. Ka4 Bc4 70. a8=Q Qb5+ 71. Ka3 Qb3# 0-1


[Site "https://www.chess.com"]

[Event "Titled Tuesday Blitz July 05 Late 2022"]
[White "Timofeev, Artyom"]
[Black "Lozano Ramirez, Nestor Favian"]
[WhiteFideId "4140419"]
[BlackFideId "4412672"]
[WhiteElo "2578"]
[BlackElo "2257"]
[Result "1-0"]
[Round "01"]
[TimeControl "180+1"]
[Date "2022.07.05"]
[WhiteClock "0:02:13"]
[BlackClock "0:01:10"]

1. e4 g6 2. d4 Bg7 3. Nc3 d6 4. Bg5 a6 5. Qd2 b5 6. O-O-O Bb7 7. f3 Nd7 8. h4 h6 9. Be3 Rc8 10. Kb1 c5 11. dxc5 Nxc5 12. Nge2 Qa5 13. Nd4 Nf6 14. Bd3 e5 15. Nb3 Nxb3 16. axb3 b4 17. Na4 Nd7 18. Qf2 O-O 19. Nb6 Rcd8 20. Nxd7 Rxd7 21. Bb6 1-0


[Site "https://www.chess.com"]

[Event "Titled Tuesday Blitz July 05 Late 2022"]
[White "Toncheva, Nadya"]
[Black "Eljanov, Pavel"]
[WhiteFideId "2924056"]
[BlackFideId "14102951"]
[WhiteElo "1888"]
[BlackElo "2601"]
[Result "0-1"]
[Round "01"]
[TimeControl "180+1"]
[Date "2022.07.05"]
[WhiteClock "0:00:11"]
[BlackClock "0:00:43"]

1. e4 c6 2. d4 d5 3. Nc3 dxe4 4. Nxe4 Nf6 5. Nxf6+ exf6 6. c3 Bd6 7. Bd3 O-O 8. Qc2 Re8+ 9. Ne2 h5 10. Bd2 Nd7 11. O-O Qc7 12. h3 Nf8 13. Rae1 h4 14. Be3 Be6 15. b3 Qd7 16. Nf4 Bc7 17. Nxe6 Nxe6 18. Bf5 Qd6 19. f4 g6 20. Bd3 f5 21. Bd2 Ng7 22. Be2 Re7 23. Bf3 Rae8 24. Qc1 Ne6 25. Bd1 Ng5 26. Rxe7 Rxe7 27. Re1 Ne4 28. Be3 g5 29. Bf2 Nxf2 30. Kxf2 Rxe1 31. Kxe1 Qe7+ 32. Kf1 Bxf4 33. Qc2 Qe3 34. Qxf5 Bg3 0-1


[Site "https://www.chess.com"]

[Event "Titled Tuesday Blitz July 05 Late 2022"]
[White "Vakhlamov, Igor L."]
[Black "De La Colina, Nicolas"]
[WhiteFideId "24126748"]
[BlackFideId "30946921"]
[WhiteElo "2401"]
[BlackElo "2046"]
[Result "1-0"]
[Round "01"]
[TimeControl "180+1"]
[Date "2022.07.06"]
[WhiteClock "0:01:27"]
[BlackClock "0:01:18"]

1. e4 c5 2. Nf3 Nc6 3. Nc3 d6 4. Bb5 Bg4 5. h3 Bh5 6. g4 Bg6 7. d4 cxd4 8. Nxd4 Rc8 9. f4 h6 10. Be3 Nf6 11. Qf3 e5 12. fxe5 dxe5 13. Nf5 Bxf5 14. Qxf5 Bb4 15. Qxe5+ Kf8 16. Bxc6 Rxc6 17. Rd1 Qc7 18. Qxc7 Rxc7 19. Rd8+ Ne8 20. Bd4 Ke7 21. Ra8 a6 22. O-O Rf8 23. Nd5+ 1-0


[Site "https://www.chess.com"]

[Event "Titled Tuesday Blitz July 05 Late 2022"]
[White "Veiga, Jose Francisco R P Neves"]
[Black "Samsonkin, Artiom"]
[WhiteFideId "1930087"]
[BlackFideId "13503111"]
[WhiteElo "2288"]
[BlackElo "2513"]
[Result "1/2-1/2"]
[Round "01"]
[TimeControl "180+1"]
[Date "2022.07.06"]
[WhiteClock "0:00:08"]
[BlackClock "0:00:06"]

1. Nf3 Nf6 2. b3 b6 3. c4 Bb7 4. e3 g6 5. Bb2 Bg7 6. Be2 O-O 7. O-O e6 8. d4 d6 9. Nbd2 Nbd7 10. b4 Qe7 11. a3 e5 12. d5 c6 13. e4 Nh5 14. Re1 cxd5 15. cxd5 Nf4 16. Bf1 f5 17. g3 fxe4 18. Nxe4 Nh5 19. Rc1 Ndf6 20. Nxf6+ Qxf6 21. Bg2 Rf7 22. Qd3 Raf8 23. Re2 Qd8 24. Qe4 Nf6 25. Qh4 h6 26. Nd2 b5 27. Ne4 Nxd5 28. Qg4 Kh7 29. Rd2 Qe7 30. Rcd1 Nf6 31. Nxf6+ Qxf6 32. Bxb7 Rxb7 33. f4 Qe7 34. Rxd6 exf4 35. Qxg6+ Kh8 36. Qxh6+ Kg8 37. Qxg7+ Qxg7 38. Bxg7 Rxg7 39. Rd7 Rg6 40. R1d6 Rg5 41. Rd5 Rg4 42. Rd4 Rg5 43. R7d5 Rg7 44. Rd7 Rg6 45. R7d6 Rg5 46. R6d5 Rg7 47. Rd7 Rg6 48. R7d6 Rg5 49. R6d5 1/2-1/2


[Site "https://www.chess.com"]

[Event "Titled Tuesday Blitz July 05 Late 2022"]
[White "Vlassov, Nikolai"]
[Black "Federzoni, Enzo"]
[WhiteFideId "4103360"]
[BlackFideId "2173301"]
[WhiteElo "2324"]
[BlackElo "1949"]
[Result "1-0"]
[Round "01"]
[TimeControl "180+1"]
[Date "2022.07.06"]
[WhiteClock "0:00:15"]
[BlackClock "0:00:05"]

1. e4 c5 2. c3 d5 3. exd5 Qxd5 4. d4 Nf6 5. Nf3 cxd4 6. cxd4 Bg4 7. Nc3 Bxf3 8. gxf3 Qd8 9. Qb3 Qb6 10. Qxb6 axb6 11. Nb5 Kd7 12. Bf4 Nd5 13. Bxb8 Rxb8 14. Nc3 Nf4 15. Bb5+ Kd8 16. Na4 Nd5 17. Bc4 e6 18. Bxd5 exd5 19. Nxb6 Bb4+ 20. Ke2 Re8+ 21. Kd3 Bd6 22. Nxd5 Ra8 23. a3 g6 24. Nf6 Re6 25. Nxh7 Ra5 26. h4 Rf5 27. Ng5 Re8 28. Rh3 Rh8 29. Rah1 Be7 30. Ne4 Kd7 31. Ke3 Rfh5 32. Ng3 Rxh4 33. Rxh4 Bxh4 34. Kd3 Ke6 35. Ne4 g5 36. Nxg5+ Kf5 37. Nxf7 Rh7 38. Nd6+ Kf4 39. Nxb7 Kxf3 40. Nd6 Kg2 41. Ra1 Bxf2 42. Ne4 Bh4 43. b4 Kf3 44. Ra2 Re7 45. Nd2+ Kf4 46. Nc4 Bf6 47. b5 Rd7 48. Rf2+ Kg5 49. Rg2+ Kh5 50. Kc3 Rxd4 51. Kb3 Be7 52. a4 Rd3+ 53. Kc2 Rd4 54. Kc3 Bf6 55. Kb3 Rd3+ 56. Kb4 Be7+ 57. Ka5 Rc3 58. Ne5 Bd6 59. Nc6 Rc4 60. Ra2 Bc5 61. Ka6 Rc1 62. a5 Rb1 63. b6 Kg6 64. b7 Bd6 65. Rd2 Bf4 66. Rd8 Kf7 67. b8=Q Bxb8 68. Rxb8 Ra1 69. Rb6 Ke6 70. Kb7 Kd7 71. a6 Rc1 72. a7 Ra1 73. a8=Q 1-0


[Site "https://www.chess.com"]

[Event "Titled Tuesday Blitz July 05 Late 2022"]
[White "Voege, Tobias"]
[Black "Ponkratov, Pavel"]
[WhiteFideId "1270513"]
[BlackFideId "4157800"]
[WhiteElo "2379"]
[BlackElo "2502"]
[Result "0-1"]
[Round "01"]
[TimeControl "180+1"]
[Date "2022.07.05"]
[WhiteClock "0:01:53"]
[BlackClock "0:02:26"]

1. d4 d5 2. c4 e6 3. Nc3 dxc4 4. e4 c5 5. d5 exd5 6. exd5 Bd6 7. Bxc4 a6 8. a4 Nf6 9. Nge2 O-O 10. Bg5 Nbd7 11. Qd2 Ne5 12. Ba2 Bf5 13. O-O h6 14. Bh4 Re8 15. Rfe1 Nd3 16. Bxf6 Qxf6 17. Rf1 Bg6 18. Ng3 h5 19. Bc4 Nf4 20. Rfe1 Qg5 21. f3 Nh3+ 0-1


[Site "https://www.chess.com"]

[Event "Titled Tuesday Blitz July 05 Late 2022"]
[White "Wachinger, Guenther"]
[Black "Bilych, Olexiy"]
[WhiteFideId "4604261"]
[BlackFideId "14156504"]
[WhiteElo "2212"]
[BlackElo "2189"]
[Result "0-1"]
[Round "01"]
[TimeControl "180+1"]
[Date "2022.07.06"]
[WhiteClock "0:00:07"]
[BlackClock "0:00:24"]

1. e4 e5 2. Nf3 Nc6 3. Bc4 Bc5 4. c3 Nf6 5. d3 d6 6. O-O O-O 7. a4 a5 8. h3 h6 9. Re1 Re8 10. Na3 Be6 11. Bxe6 Rxe6 12. Nc4 d5 13. exd5 Qxd5 14. Be3 Rd8 15. Qb3 Bxe3 16. Rxe3 e4 17. dxe4 Nxe4 18. Rae1 b6 19. Qb5 Nc5 20. Rxe6 Nxe6 21. Qxd5 Rxd5 22. g3 Kf8 23. Kg2 Nc5 24. Ra1 f6 25. h4 g5 26. hxg5 hxg5 27. Ne3 Rd8 28. Nf5 Kf7 29. N3d4 Nxd4 30. cxd4 Ne6 31. Rc1 Kg6 32. Ne7+ Kf7 33. Nf5 c5 34. dxc5 Nxc5 35. Rc4 Rd2 36. b4 axb4 37. Rxb4 Rxf2+ 38. Kxf2 Nd3+ 39. Ke3 Nxb4 40. Kd4 Nc6+ 41. Kd5 Ne7+ 42. Nxe7 Kxe7 43. Kc6 f5 44. Kxb6 f4 45. gxf4 g4 46. a5 g3 47. a6 g2 48. a7 g1=Q+ 49. Kb7 Qg2+ 50. Kb8 Qb2+ 51. Ka8 Kd7 52. f5 Kc7 53. f6 Qg2# 0-1


[Site "https://www.chess.com"]

[Event "Titled Tuesday Blitz July 05 Late 2022"]
[White "Wartiovaara, Oliver"]
[Black "Djokic, Mihailo"]
[WhiteFideId "513024"]
[BlackFideId "976440"]
[WhiteElo "1971"]
[BlackElo "2246"]
[Result "0-1"]
[Round "01"]
[TimeControl "180+1"]
[Date "2022.07.06"]
[WhiteClock "0:00:02"]
[BlackClock "0:00:05"]

1. e4 c5 2. Nf3 d6 3. d4 cxd4 4. Nxd4 Nf6 5. Nc3 g6 6. Be3 Bg7 7. f3 O-O 8. Bc4 Nc6 9. Qd2 Bd7 10. O-O-O Rc8 11. Bb3 Ne5 12. Kb1 Nc4 13. Bxc4 Rxc4 14. g4 b5 15. b3 b4 16. Nce2 Rc7 17. Bh6 e5 18. Nf5 Bxf5 19. gxf5 d5 20. Bxg7 Kxg7 21. exd5 Rd7 22. d6 Qb6 23. Ng3 Rfd8 24. fxg6 hxg6 25. Qg5 Ng8 26. Qxe5+ Kf8 27. Ne4 Qe3 28. Rhf1 Re8 29. Qb5 Red8 30. Qxb4 Qf4 31. Qc3 Qxh2 32. Rh1 Qf4 33. Rh8 f5 34. Nf6 Rg7 35. Nxg8 Rxd6 36. Qc8+ Kf7 37. Nh6+ Kf6 38. Rxd6+ Qxd6 39. Qf8+ Qxf8 40. Rxf8+ Kg5 41. Nf7+ Kf4 42. Nd6 Rd7 43. Nxf5 gxf5 44. c4 Rd3 45. c5 Rc3 46. b4 a5 47. b5 Rxc5 48. a4 Rc4 49. Kb2 Rxa4 50. Kc3 Rb4 51. Rb8 Kxf3 52. b6 f4 53. b7 Rb1 54. Ra8 Rxb7 55. Rxa5 Re7 56. Kd3 Rd7+ 57. Kc2 Kg2 58. Rg5+ Kf2 0-1


[Site "https://www.chess.com"]

[Event "Titled Tuesday Blitz July 05 Late 2022"]
[White "Weisz, Bryan"]
[Black "Romanchuk, Viktor"]
[WhiteFideId "30934133"]
[BlackFideId "14109271"]
[WhiteElo "2273"]
[BlackElo "2242"]
[Result "0-1"]
[Round "01"]
[TimeControl "180+1"]
[Date "2022.07.06"]
[WhiteClock "0:00:11"]
[BlackClock "0:00:14"]

1. e4 e6 2. d4 d5 3. Nd2 dxe4 4. Nxe4 Nd7 5. Nf3 Ngf6 6. Nxf6+ Nxf6 7. c3 c5 8. Ne5 a6 9. Qa4+ Nd7 10. Bb5 cxd4 11. cxd4 Rb8 12. Bxd7+ Bxd7 13. Nxd7 Qxd7 14. Qxd7+ Kxd7 15. Be3 Rc8 16. Kd2 Be7 17. Rhc1 g6 18. Rxc8 Rxc8 19. Rc1 Rxc1 20. Kxc1 Kc6 21. Kd2 Kd5 22. Kd3 f5 23. f4 h6 24. g3 g5 25. b3 g4 26. a4 Bb4 27. Bf2 h5 28. Ke3 Kc6 29. Kd3 b5 30. axb5+ axb5 31. Ke3 Kd5 32. Kd3 Ba5 33. Ke3 Bc3 34. Kd3 Bb2 35. Be3 Ba3 36. Bf2 Bc1 37. Be3 Ba3 38. Bf2 Bb4 39. Ke3 Kc6 40. Kd3 Ba3 41. Be1 Bc1 42. b4 Kd5 43. Bf2 h4 44. Kc2 hxg3 45. hxg3 Ba3 46. Be3 Bxb4 47. Kd3 Be1 48. Bg1 Bxg3 49. Be3 Be1 50. Ke2 Bc3 51. Kd3 b4 52. Bf2 Bb2 53. Be3 g3 54. Bg1 g2 55. Bf2 b3 56. Bg1 Bc1 57. Kc3 Bxf4 58. Kxb3 Ke4 59. Kc2 Be3 60. Bh2 Bxd4 61. Kd2 g1=Q 62. Bxg1 Bxg1 63. Ke2 Be3 64. Kf1 f4 65. Ke2 f3+ 66. Kf1 Kd3 67. Ke1 e5 68. Kf1 e4 69. Ke1 Bd4 70. Kf1 e3 71. Ke1 f2+ 72. Kf1 Kd2 73. Kg2 Ke2 74. Kh2 f1=Q 75. Kg3 Qf6 76. Kh2 Ba1 77. Kh3 Qg6 78. Kh2 Kd3 79. Kh3 e2 80. Kh2 e1=Q 81. Kh3 Qe3+ 82. Kh2 Qeh6# 0-1


[Site "https://www.chess.com"]

[Event "Titled Tuesday Blitz July 05 Late 2022"]
[White "Yuan, Qingyu"]
[Black "Silva, Miguel Antonio Neto"]
[WhiteFideId "8609772"]
[BlackFideId "1911929"]
[WhiteElo "2359"]
[BlackElo "2223"]
[Result "1-0"]
[Round "01"]
[TimeControl "180+1"]
[Date "2022.07.06"]
[WhiteClock "0:00:13"]
[BlackClock "0:00:23"]

1. e4 c5 2. Nf3 d6 3. Bb5+ Nd7 4. c4 Nf6 5. Nc3 g6 6. h3 Bg7 7. d3 O-O 8. Ba4 a6 9. Be3 Nb8 10. Qd2 Bd7 11. Bxd7 Qxd7 12. O-O e5 13. Rab1 Nc6 14. a3 Nd4 15. Bxd4 cxd4 16. Ne2 b5 17. Rfc1 Rfc8 18. b3 bxc4 19. Rxc4 Rxc4 20. bxc4 Qc7 21. Qb4 h5 22. Nc1 Bf8 23. Qb7 Qd8 24. Ng5 Be7 25. Nf3 Nd7 26. Qb4 Nc5 27. Qd2 Rb8 28. Qc2 Rxb1 29. Qxb1 Qa5 30. Qb4 Qc7 31. Ne1 a5 32. Qb5 a4 33. Na2 Bg5 34. Nb4 Bd2 35. Nd5 Qd8 36. Nf3 Bc3 37. Qb1 Ba5 38. Kf1 Kg7 39. Ke2 Nb3 40. g4 h4 41. g5 Qd7 42. Qf1 Bd8 43. Qg2 Nc5 44. Qg4 Qb7 45. Qxh4 Qb2+ 46. Kf1 Nxd3 47. Ne1 Nxe1 48. Qh6+ Kg8 49. Nf6+ Bxf6 50. gxf6 1-0


[Site "https://www.chess.com"]

[Event "Titled Tuesday Blitz July 05 Late 2022"]
[White "Zhigalko, Sergei"]
[Black "Bernal Moro, Luis Javier"]
[WhiteFideId "13502956"]
[BlackFideId "2200236"]
[WhiteElo "2662"]
[BlackElo "2376"]
[Result "1-0"]
[Round "01"]
[TimeControl "180+1"]
[Date "2022.07.05"]
[WhiteClock "0:00:06"]
[BlackClock "0:00:08"]

1. e4 c5 2. Nf3 e6 3. c3 Nf6 4. e5 Nd5 5. Bc4 d6 6. d4 cxd4 7. cxd4 Nb6 8. Bd3 Nc6 9. O-O dxe5 10. dxe5 Nb4 11. Be4 Qxd1 12. Rxd1 N4d5 13. Nc3 Nxc3 14. bxc3 Na4 15. Bd2 Nc5 16. Bc2 Bd7 17. Be3 Rc8 18. a4 Be7 19. a5 Bc6 20. Rab1 O-O 21. Nd4 Be4 22. Bxe4 Nxe4 23. Rxb7 Nxc3 24. Rd3 Nd5 25. Rxa7 Bc5 26. Rb7 Bxd4 27. Rxd4 Nxe3 28. fxe3 Rc1+ 29. Kf2 Ra1 30. Ra7 g5 31. h4 h6 32. hxg5 hxg5 33. Rg4 Rb8 34. Rxg5+ Kf8 35. Rg4 Rb2+ 36. Kg3 Ra3 37. Rf4 Rxe3+ 38. Kh2 Rxe5 39. Rfxf7+ Kg8 40. Rg7+ Kf8 41. Rh7 Rg5 42. Rh8+ Rg8 43. Ra8+ Kf7 44. Raxg8 1-0


[Site "https://www.chess.com"]

[Event "Titled Tuesday Blitz July 05 Late 2022"]
[White "Abdrlauf, Elham"]
[Black "Adewumi, Tanitoluwa"]
[WhiteFideId "1533533"]
[BlackFideId "30966396"]
[WhiteElo "2429"]
[BlackElo "2572"]
[Result "1-0"]
[Round "02"]
[TimeControl "180+1"]
[Date "2022.07.05"]
[WhiteClock "0:00:53"]
[BlackClock "0:00:46"]

1. e4 c5 2. Nf3 e6 3. c3 d5 4. e5 Bd7 5. d4 Qb6 6. Be2 Bb5 7. O-O Nd7 8. dxc5 Bxe2 9. Qxe2 Qxc5 10. Be3 Qc7 11. Nbd2 Ne7 12. Rfe1 Nc6 13. c4 Bb4 14. cxd5 exd5 15. e6 fxe6 16. Ng5 Qd6 17. Qg4 O-O-O 18. Nf7 Qe5 19. Nxe5 1-0


[Site "https://www.chess.com"]

[Event "Titled Tuesday Blitz July 05 Late 2022"]
[White "Arnold, Ken"]
[Black "Gong, Patrick"]
[WhiteFideId "2056836"]
[BlackFideId "3222500"]
[WhiteElo "2282"]
[BlackElo "2103"]
[Result "0-1"]
[Round "02"]
[TimeControl "180+1"]
[Date "2022.07.06"]
[WhiteClock "0:00:06"]
[BlackClock "0:00:24"]

1. d4 Nf6 2. c4 c5 3. Nf3 g6 4. Nc3 Bg7 5. g3 O-O 6. Bg2 d6 7. O-O Nbd7 8. Bg5 a6 9. Qd2 Rb8 10. Rfd1 b6 11. Rac1 Re8 12. b3 Bb7 13. d5 b5 14. Qd3 Qa5 15. Bd2 Qb6 16. e4 Ng4 17. cxb5 Nge5 18. Nxe5 Nxe5 19. Qe2 axb5 20. Qxb5 Ba6 21. Qxb6 Rxb6 22. Na4 Rb7 23. Bf1 Bxf1 24. Kxf1 Nf3 25. Kg2 Nd4 26. Bc3 Ra8 27. Bxd4 Bxd4 28. Rc4 Kg7 29. f4 f5 30. exf5 gxf5 31. Re1 Bf6 32. Re6 Kf7 33. Kf3 Rc8 34. h3 h5 35. Re2 Rcc7 36. Rc1 Rb4 37. Rec2 Rd4 38. Nb6 Rd3+ 39. Kg2 h4 40. gxh4 Bxh4 41. Rc3 Rd2+ 42. Kh1 Rb7 43. Nc4 Rxa2 44. Ne3 Bf6 45. R3c2 Rxc2 46. Rxc2 Rxb3 47. Nxf5 Rxh3+ 48. Kg2 Rd3 49. Ng3 Rxd5 50. Kf3 Rd3+ 51. Kg4 Rc3 52. Rh2 Ke6 53. Rh5 c4 54. Ne4 Re3 55. f5+ Ke5 56. Ng3 c3 57. Rh2 Kd4 58. Rc2 Kd3 59. Rc1 Rxg3+ 60. Kxg3 c2 0-1


[Site "https://www.chess.com"]

[Event "Titled Tuesday Blitz July 05 Late 2022"]
[White "Bilych, Olexiy"]
[Black "D`Arruda, Ricardo D."]
[WhiteFideId "14156504"]
[BlackFideId "100692"]
[WhiteElo "2189"]
[BlackElo "2445"]
[Result "1-0"]
[Round "02"]
[TimeControl "180+1"]
[Date "2022.07.06"]
[WhiteClock "0:00:08"]
[BlackClock "0:00:19"]

1. e4 c5 2. Nf3 Nc6 3. Bb5 g6 4. Bxc6 dxc6 5. O-O Bg7 6. d3 Nf6 7. h3 O-O 8. Nc3 b6 9. Be3 Nd7 10. Qd2 e5 11. Ne2 Re8 12. Rae1 Nf8 13. Nh2 Ne6 14. b3 Nd4 15. f4 Nxe2+ 16. Qxe2 exf4 17. Bxf4 Be6 18. Kh1 Qd7 19. Qf2 a5 20. a4 h6 21. e5 Qd5 22. Nf3 b5 23. Nd2 bxa4 24. bxa4 Bf8 25. Ne4 Be7 26. Bxh6 Qxe5 27. Ng5 Qd4 28. Nxe6 Qxf2 29. Rxf2 fxe6 30. Rxe6 Kh7 31. Bd2 Bh4 32. Rfe2 Rxe6 33. Rxe6 Bg3 34. Kg1 Rb8 35. Kf1 Rb2 36. Re7+ Kg8 37. Rg7+ Kf8 38. Rxg6 Be5 39. Rxc6 Bd4 40. Bxa5 Rxc2 41. Bb6 Rf2+ 42. Ke1 Rxg2 43. Bxc5+ Bxc5 44. Rxc5 Rg3 45. Kd2 Rxh3 46. Re5 Rh4 47. Re4 Rh2+ 48. Kc3 Ra2 49. Kb4 1-0


[Site "https://www.chess.com"]

[Event "Titled Tuesday Blitz July 05 Late 2022"]
[White "Bjelobrk, Igor"]
[Black "Oparin, Grigoriy"]
[WhiteFideId "4300726"]
[BlackFideId "24125890"]
[WhiteElo "2335"]
[BlackElo "2639"]
[Result "0-1"]
[Round "02"]
[TimeControl "180+1"]
[Date "2022.07.05"]
[WhiteClock "0:00:17"]
[BlackClock "0:00:42"]

1. Nf3 c5 2. c4 Nf6 3. d4 cxd4 4. Nxd4 e6 5. g3 d5 6. Bg2 Nc6 7. O-O e5 8. Nxc6 bxc6 9. Nc3 Be6 10. Bg5 e4 11. Qa4 Qd7 12. Bxf6 gxf6 13. cxd5 cxd5 14. Qxd7+ Kxd7 15. Rfd1 f5 16. Nxd5 Rb8 17. b3 Ba3 18. Bh3 Ke8 19. Ne3 f4 20. Bxe6 fxe3 21. Bd7+ Ke7 22. fxe3 Bc5 23. Kf2 Rb6 24. Bf5 Rf6 25. Rd5 Bb6 26. Rad1 h5 27. Re5+ Kf8 28. a4 Kg7 29. a5 Bc7 30. Red5 Rb8 31. Rb1 Rd8 32. Rbd1 Rxf5+ 33. Rxf5 Rxd1 34. Rxh5 Rc1 35. Rb5 a6 36. Rf5 Kg6 37. Rd5 f6 38. h4 Be5 39. g4 Rb1 40. g5 Rxb3 41. gxf6 Kxf6 42. h5 Rb5 43. Rxb5 axb5 44. a6 Bb8 45. Ke1 Ba7 46. Kd2 Kg5 47. Kc3 Bc5 48. a7 Bxa7 49. Kb4 Bxe3 50. Kxb5 Bd2 0-1


[Site "https://www.chess.com"]

[Event "Titled Tuesday Blitz July 05 Late 2022"]
[White "Bluebaum, Matthias"]
[Black "Dilanyan, Grigor"]
[WhiteFideId "24651516"]
[BlackFideId "13303570"]
[WhiteElo "2556"]
[BlackElo "2279"]
[Result "0-1"]
[Round "02"]
[TimeControl "180+1"]
[Date "2022.07.05"]
[WhiteClock "0:00:52"]
[BlackClock "0:00:07"]

1. d4 Nf6 2. c4 c5 3. d5 b5 4. cxb5 a6 5. bxa6 g6 6. Nc3 Bg7 7. e4 O-O 8. a7 Rxa7 9. Nf3 e6 10. Be2 exd5 11. exd5 d6 12. O-O Na6 13. Nb5 Rd7 14. Bc4 Bb7 15. Qb3 Qa8 16. Rd1 Nc7 17. Nxc7 Rxc7 18. Bf4 Rd8 19. a4 Ba6 20. Qc2 Bxc4 21. Qxc4 Rb7 22. Qa2 Ne4 23. Rdb1 Rdb8 24. Bc1 Rb3 25. a5 Qxd5 26. Be3 Qa8 27. Qa4 d5 28. a6 Nc3 29. Qxb3 Rxb3 30. bxc3 Rxb1+ 31. Rxb1 Qxa6 32. Rb8+ Bf8 33. h4 Kg7 34. h5 Qa1+ 35. Kh2 Bd6+ 36. g3 Bxb8 37. h6+ Kf8 38. Bxc5+ Ke8 39. Bd4 Qd1 40. Kg2 Qd3 41. Ng5 Qd2 42. Be3 Qxc3 43. Nxh7 Qh8 44. Ng5 Qxh6 45. Nxf7 Qg7 46. Ng5 Qe5 47. Nf3 Qe4 48. Bg5 d4 49. Bd2 d3 50. Be3 Bd6 51. Bd2 Bc5 52. Bf4 Kf7 53. Kh3 Qxf3 0-1


[Site "https://www.chess.com"]

[Event "Titled Tuesday Blitz July 05 Late 2022"]
[White "Boder, Jan"]
[Black "Fernandez, Fernando"]
[WhiteFideId "16243226"]
[BlackFideId "3802299"]
[WhiteElo "2064"]
[BlackElo "2292"]
[Result "1-0"]
[Round "02"]
[TimeControl "180+1"]
[Date "2022.07.06"]
[WhiteClock "0:00:04"]
[BlackClock "0:00:02"]

1. c4 e5 2. g3 Nf6 3. Bg2 c6 4. Nf3 e4 5. Nd4 d5 6. cxd5 cxd5 7. d3 Qb6 8. dxe4 Nxe4 9. O-O Bc5 10. e3 O-O 11. Nc3 Nxc3 12. bxc3 Rd8 13. Qb3 Be6 14. Ba3 Bxa3 15. Qxa3 Nc6 16. Rab1 Qc7 17. Rfc1 Ne5 18. Qb3 Rab8 19. e4 Nc4 20. Rd1 dxe4 21. Nxe6 fxe6 22. Bxe4 b6 23. Bd3 Rbc8 24. Bxc4 Rxd1+ 25. Rxd1 Qxc4 26. Rd8+ Kf7 27. Rd7+ Kf6 28. Qa3 Rc5 29. Qxa7 Qe2 30. Rf7+ Ke5 31. Qb8+ Ke4 32. Rf4+ Kd3 33. Qd6+ Kc2 34. Qd4 Qd1+ 35. Qxd1+ Kxd1 36. c4 Kc2 37. Re4 1-0


[Site "https://www.chess.com"]